 Seeded DCSS version 0.31-a0-45-g5f0c076935 (webtiles) character file.

Game seed: 6351066067085065685 (custom seed)

186 Esekla the Grave Robber (level 5, -4/34 HPs)
             Began as an Octopode Necromancer on May 21, 2023.
             Slain by a gnoll
             ... wielding a +0 spear
             ... led by a gnoll bouda
              (7 damage)
             ... on level 4 of the Dungeon on May 22, 2023.
             The game lasted 00:17:03 (2950 turns).

Esekla the Grave Robber (Octopode Necromancer)      Turns: 2950, Time: 00:17:04

Health: -4/34      AC:  1    Str:  7    XL:     5   Next: 66%
Magic:  8/8        EV: 13    Int: 19    God:
Gold:   195        SH:  0    Dex: 13    Spells: 5/9 levels left

rFire   . . .        b - +2 dagger (vamp)
rCold   . . .        (no shield)
rNeg    . . .        (helmet restricted)
rPois   .            (no amulet)
rElec   .            (no ring)
rCorr   .            (no ring)
SInv    .            (no ring)
Will    .....        (no ring)
Stlth   +++          (no ring)
HPRegen 0.25/turn    (no ring)
MPRegen 0.11/turn    (no ring)
                     (no ring)

%: no passive effects
@: weakened
A: almost no armour, amphibious, 8 rings, camouflage 1, gelatinous body 1,
(nimble swimmer 1), tentacles
a: no special abilities


You were on level 4 of the Dungeon.
You visited 1 branch of the dungeon, and saw 4 of its levels.

You collected 195 gold pieces.

Inventory:

Hand Weapons
 b - a +2 vampiric dagger (weapon)
 m - a +0 spear
Missiles
 l - 9 poisoned darts (quivered)
Wands
 n - a wand of roots (8)
Scrolls
 d - a scroll of fear {unknown}
 e - 4 scrolls of identify {unknown}
 h - a scroll of fog {unknown}
 o - a scroll of blinking {unknown}
 p - a scroll of enchant armour {unknown}
 q - a scroll of immolation {unknown}
 r - a scroll of amnesia {unknown}
 s - 2 scrolls of enchant weapon {unknown}
 u - a scroll of summoning {unknown}
Potions
 a - a potion of magic
 c - a potion of ambrosia {unknown}
 f - a potion of heal wounds {unknown}
 g - 2 potions of attraction {unknown}
 i - 2 potions of brilliance {unknown}
 j - a potion of haste {unknown}
 k - 3 potions of curing {unknown}
 t - a potion of mutation {unknown}


   Skills:
 * Level 1.9 Fighting
 + Level 1.3 Short Blades
 + Level 0.1 Throwing
 * Level 2.5 Dodging
 + Level 3.8 Stealth
 * Level 2.5 Spellcasting
 * Level 5.1 Necromancy


You had 5 spell levels left.
You knew the following spells:

 Your Spells              Type           Power      Damage    Failure   Level
a - Necrotise             Necr           88%        1d8       1%          1
d - Vampiric Draining     Necr           22%        2d7       6%          3

Your spell library contained the following spells:

 Spells                   Type           Power      Damage    Failure   Level
 Animate Dead             Necr           22%        N/A       19%         4
 Lesser Beckoning         Tloc           4%         N/A       24%         2
 Gell's Gravitas          Tloc           2%         N/A       43%         3
 Teleport Other           Tloc           2%         N/A       43%         3
 Agony                    Necr           22%        N/A       47%         5


Dungeon Overview and Level Annotations

Branches:
Dungeon (4/15)
 Temple: D:4-7

Altars:
Hepliaklqana
Okawaru
Qazlal
Trog
Vehumet
Zin
The Shining One

Shops:
D:2 =   D:4 (


Innate Abilities, Weirdness & Mutations

You cannot wear most types of armour.
You are amphibious.
You can wear up to eight rings at the same time.
Your skin changes colour to match your surroundings (Stealth+).
Your rubbery body absorbs attacks. (AC +1, EV +1)
((You are camouflaged when in or above water. (Stealth+)))
You have tentacles for arms and can constrict up to eight enemies at once.


Message History

You puncture the orc!
You kill the orc!
Things that are here:
a +2 vampiric dagger; a +0 chain mail You are now empty-tentacled.
You drop a +1 dagger of draining.
Things that are here:
a +2 vampiric dagger; a +0 chain mail
b - a +2 vampiric dagger You feel a sense of dread.
b - a +2 vampiric dagger (weapon)
k - 3 bubbling blue potions (gained 1)
You open the door.
There is an open door here.
You open the door.
A gnoll bouda and 3 gnolls come into view.
A gnoll comes into view. It is wielding a +0 club.
The gnoll shouts!
The gnoll bouda shouts!
The gnoll shouts!
A gnoll comes into view. It is wielding a +0 spear.
The gnoll shouts! x2
There is an open door here.
The gnoll bouda barks out a call to the hunt!
You hear a shout!
The gnoll bouda gazes fiercely through you!
You feel your attacks grow feeble.
Your attacks no longer feel as feeble.
The gnoll closely misses you.
The gnoll throws a throwing net.
The throwing net misses you.
The gnoll hits you from afar with a +0 spear.
The gnoll hits you from afar with a +0 spear!
The gnoll bouda gazes fiercely through you!
You feel your attacks grow feeble. The gnoll barely misses you.
The gnoll attacks as you move away! The gnoll hits you with a +0 whip.
The gnoll hits you from afar with a +0 spear!
* * * LOW HITPOINT WARNING * * *
The gnoll hits you with a +0 whip.
* * * LOW HITPOINT WARNING * * *
The gnoll is no longer moving quickly.
The gnoll hits you from afar with a +0 spear!
You die...

.....g.........###.......
.................'.......
########................##.......
.......#.......................[.
.......'................)........
.....g.#........................#
......g#.........................
.......#......g.......#..........
......g#...g.g.g@.....#..........
.###...#...g.g.......##..........
####...#..............#..........
.................####.#..........
##...............#....#..........
##.....##.............#..........
............(.................>..
##....##...............######....
##....##...............### #....


You could see a gnoll bouda and 5 gnolls.

Vanquished Creatures
  A hound (D:3)
  An iguana (D:2)
  3 gnolls (D:2)
  4 adders
  A worm (D:4)
  2 dart slugs
  6 orcs
  6 ball pythons
  4 bats
  4 endoplasms
  8 goblins
  5 hobgoblins
  A quokka (D:1)
  4 frilled lizards
  5 kobolds
  A rat (D:2)
56 creatures vanquished.

Notes
Turn   | Place    | Note
-------+----------+-------------------------------------------
     0 | D:1      | Esekla the Octopode Necromancer began the quest for the
                  | Orb.
     0 | D:1      | Reached XP level 1. HP: 11/11 MP: 3/3
   253 | D:1      | Reached XP level 2. HP: 18/18 MP: 5/5
   257 | D:1      | Reached skill level 1 in Fighting
   382 | D:1      | Reached XP level 3. HP: 23/23 MP: 6/6
   386 | D:1      | Learned a level 3 spell: Vampiric Draining
   708 | D:2      | Noticed a black bear
   823 | D:2      | Found a faded altar of an unknown god.
   913 | D:2      | Reached XP level 4. HP: 25/28 MP: 3/7
  1313 | D:2      | Found Renulab's Jewellery Shop.
  1571 | D:3      | Found a stormy altar of Qazlal.
  1574 | D:3      | Found a hazy altar of Hepliaklqana.
  1574 | D:3      | Found a bloodstained altar of Trog.
  1585 | D:3      | Reached skill level 5 in Necromancy
  1585 | D:3      | Reached XP level 5. HP: 24/34 MP: 4/8
  1871 | D:3      | Reached skill level 1 in Short Blades
  1926 | D:3      | Identified the +5 rapier of the Hero {heavy, rN+ Dex+3}
  2256 | D:4      | Found Ponaysk's Antique Weapon Boutique.
  2492 | D:4      | Found a glowing silver altar of Zin.
  2513 | D:4      | Found an iron altar of Okawaru.
  2524 | D:4      | Found a radiant altar of Vehumet.
  2535 | D:4      | Found a glowing golden altar of the Shining One.
  2950 | D:4      | Slain by a gnoll

Illustrated notes

Levels and vault maps discovered:
D:1:      sevenhm_arrival_forest_fort_small_3, layout_rooms,
          chequers_serial_rivers_room_b, minmay_misc_feat_five
D:2:      layout_loops_ring, dreamdust_ecumenical_altar_angels_and_demons,
          serial_shops, shop
D:3:      layout_basic, grunt_temple_overflow_open, minmay_misc_feat_iff
D:4:      layout_basic, nicolae_overflow_quartered_altars, serial_shops,
          nicolae_diamond_shop

Skill      XL: |  1  2  3  4  5 |
---------------+----------------+-----
Fighting       | 1 |  1.9
Stealth        | 3 |  3.8
Necromancy     | 5 |  5.1
Short Blades   | 1 |  1.3
Throwing       | |  0.1
Dodging        | |  2.5
Spellcasting   | |  2.5

Action                     |  1- 3 |  4- 6 || total
---------------------------+-------+-------++-------
  Melee: Short sword       |     5 |       ||     5
         Tentacles         |    10 |    16 ||    26
         Unarmed           |     3 |       ||     3
         Constrict         |    13 |    17 ||    30
         Dagger            |    36 |    68 ||   104
  Throw: Dart              |     2 |       ||     2
   Cast: Vampiric Draining |     1 |     1 ||     2
   Stab: Sleeping          |     2 |     5 ||     7
         Distracted        |       |     1 ||     1
 Armour: Skin              |     2 |     3 ||     5
  Dodge: Dodged            |    20 |    37 ||    57

Table legend: (Time is in decaauts)
 A = Elapsed time spent in this place.
 B = Non-inter-level travel time spent in this place.
 C = Inter-level travel time spent in this place.
 D = Time resting spent in this place.
 E = Time spent auto-exploring this place.
 F = Levels seen in this place.
 G = Mean time per level.
                   A        B        C        D        E       F      G
               +--------+--------+--------+--------+--------+-----+--------+
         Total |   2945 |   2874 |     71 |    350 |    846 |   4 |  736.2 |
       Dungeon |   2945 |   2874 |     71 |    350 |    846 |   4 |  736.2 |
               +--------+--------+--------+--------+--------+-----+--------+

Top non-repeatable levels by time:
     D:2: 771 daAuts
     D:4: 757 daAuts
     D:3: 729 daAuts
     D:1: 687 daAuts
